 Dungeon Crawl Stone Soup version 0.18-a0-1639-g7533f42 (webtiles) character file.

122 Oddball22 the Insei (level 4, -2/37 HPs)
             Began as a Demonspawn Monk on Mar 27, 2016.
             Slain by an orc
             ... wielding a +0 trident
              (5 damage)
             ... on level 3 of the Dungeon.
             The game lasted 00:04:01 (2811 turns).

Oddball22 the Insei (Demonspawn Monk)               Turns: 2811, Time: 00:04:02

Health: -2/37      AC:  2    Str: 11    XL:     4   Next: 78%
Magic:  4/4        EV: 14    Int: 17    God:
Gold:   100        SH:  0    Dex: 17    Spells: 0 memorised, 3 levels left

rFire  . . .     SeeInvis .       - Unarmed
rCold  . . .     Gourm    .     a - +0 robe
rNeg   . . .     Faith    .     (no shield)
rPois  .         Spirit   .     (no helmet)
rElec  .         Dismiss  .     (no cloak)
rCorr  .         Reflect  .     (no gloves)
SustAt .         Harm     .     (no boots)
MR     .....                    (no amulet)
Stlth  ++++......               (no ring)
                                o - +6 ring of intelligence

@: very slightly contaminated, hasted, very quick, not resistant to hostile
enchantments, stealthy
A: nightstalker 2
a: no special abilities


You were on level 3 of the Dungeon.
You were not hungry.

You visited 1 branch of the dungeon, and saw 3 of its levels.

You collected 100 gold pieces.

Inventory:

Armour
 a - a +0 robe (worn)
Jewellery
 o - a +6 ring of intelligence (left hand)
Scrolls
 c - a scroll of enchant weapon {unknown}
 f - a scroll of magic mapping {unknown}
 g - 2 scrolls of identify {unknown}
 h - a scroll of blinking {unknown}
 i - 2 scrolls of remove curse {unknown}
 k - 2 scrolls of fog {unknown}
 q - a scroll of teleportation {unknown}
Potions
 e - a potion of flight
 m - a potion of haste
 n - a potion of agility {unknown}
Comestibles
 b - 4 bread rations
 j - a beef jerky
 p - 7 chunks of flesh


   Skills:
 + Level 3.9 Fighting
 + Level 3.2 Dodging
 - Level 1.7 Stealth
 * Level 4.7 Unarmed Combat


You had 3 spell levels left.
You didn't know any spells.

Dungeon Overview and Level Annotations

Branches:
Dungeon (3/15)

Altars:
Dithmenos
Elyvilon
Okawaru


Innate Abilities, Weirdness & Mutations

You are significantly more attuned to the shadows.


Message History

The orc is heavily wounded.
The orc closely misses you. The orc hits you with a short sword.
You closely miss the orc.
The orc is heavily wounded.
You hit the orc but do no damage.
The orc is heavily wounded.
The orc hits you but does no damage.
The orc hits you from afar with a trident.
* * * LOW HITPOINT WARNING * * *
You hit the orc but do no damage.
The orc is heavily wounded.
The orc misses you.
You barely miss the orc.
The orc is heavily wounded.
The orc hits you from afar with a trident!
* * * LOW HITPOINT WARNING * * *
You hit the orc.
You kill the orc!
The orc hits you from afar with a trident.
You die...

.... ##...### . ... #.#
#......# .. ... ...
...#.##.# .. ....#.#
.##.#.##.### ..
....#o##.##.#......####
. ......g..#
.###.......#### #(.#
......#.......#
#.(####......#..#.##.#
#(goo)@.#.......#.##.#
####.######.#........#.#
#..(.# #.###.#..#.##
#)#### #...........# #.#
####........# ####.####
#..##..#.# #.......#
#..#...#.# #.##.##.#
#..#.#.#.# #.##.##.###
#........#


You could see 2 orcs and a hobgoblin.

Vanquished Creatures
  4 gnolls
  An adder (D:2)
  A worm (D:2)
  2 dart slugs (D:1)
  3 giant geckos
  2 orcs (D:3)
  4 bats
  6 giant cockroaches
  7 goblins
  6 hobgoblins
  3 jackals (D:3)
  2 quokkas (D:2)
  5 giant newts
  8 kobolds
  9 rats
63 creatures vanquished.

Notes
Turn   | Place    | Note
--------------------------------------------------------------
     0 | D:1      | Oddball22 the Demonspawn Monk began the quest for the Orb.
     0 | D:1      | Reached XP level 1. HP: 18/18 MP: 1/1
    76 | D:1      | Gained mutation: You are slightly more attuned to the shadows. [demonic ancestry]
    76 | D:1      | Reached XP level 2. HP: 21/24 MP: 2/2
    99 | D:1      | Reached skill level 4 in Unarmed Combat
   624 | D:1      | Gained mutation: You are significantly more attuned to the shadows. [demonic ancestry]
   624 | D:1      | Reached XP level 3. HP: 22/29 MP: 3/3
  1133 | D:2      | Found an iron altar of Okawaru.
  1137 | D:2      | Found a white marble altar of Elyvilon.
  1368 | D:2      | Found a shadowy altar of Dithmenos.
  1717 | D:2      | Reached XP level 4. HP: 36/36 MP: 4/4
  2811 | D:3      | Slain by an orc

Vault maps used:
D:1:      dpeg_arrival_yet_another_circle, minmay_misc_feat_plants
D:2:      lemuel_doored_altar, minitemple
D:3:      marbit_many_paths

Skill      XL: |  1  2  3 |
---------------+----------+-----
Unarmed Combat | 4 |  4.7
Dodging        | 3 |  3.2
Fighting       | |  3.9
Stealth        | |  1.7

Action                   |  1- 3 |  4- 6 || total
-------------------------+-------+-------++-------
Melee: Unarmed           |   128 |    85 ||   213
  Use: Potion            |       |     4 ||     4
 Stab: Sleeping          |    15 |     6 ||    21
  Eat: Chunk             |     2 |     4 ||     6
